 Dungeon Crawl Stone Soup version 0.22.1-2-g9c5b331 (webtiles) character file.

12 Tr0llz0r the Magician (level 2, 0/23 HPs)
             Began as a Gnoll Wanderer on Nov 5, 2018.
             Slain by a hobgoblin
             ... wielding a +0 club
              (1 damage)
             ... on level 1 of the Dungeon on Dec 4, 2018.
             The game lasted 00:04:11 (369 turns).

Tr0llz0r the Magician (Gnoll Wanderer)               Turns: 369, Time: 00:04:12

Health: 0/23       AC:  5    Str: 12    XL:     2   Next: 33%
Magic:  7/7        EV: 11    Int: 17    God:
Gold:   16         SH:  0    Dex: 15    Spells: 10/10 levels left

rFire    . . .     SeeInvis .   d - +0 blowgun
rCold    . . .     Gourm    .   (no shield)
rNeg     . . .     Faith    .   g - +0 ring mail
rPois    .         Spirit   .   (no helmet)
rElec    .         Reflect  .   (no cloak)
rCorr    .         Harm     .   (no gloves)
MR       .....                  (no boots)
Stlth    +.........             (no amulet)
HPRegen  0.07/turn              (no ring)
MPRegen  0.10/turn              (no ring)

@: no status effects
A: distributed training, fangs 1, clever 1, evolution 1, strong nose
a: no special abilities


You were on level 1 of the Dungeon.
You were not hungry.

You visited 1 branch of the dungeon, and saw 1 of its levels.

You collected 16 gold pieces.

Inventory:

Hand Weapons
 d - a +0 blowgun (weapon)
Armour
 e - a +0 robe
 g - a +0 ring mail (worn)
Comestibles
 f - a ration


   Skills:
 + Level 2.4 Fighting
 + Level 0.3 Short Blades
 + Level 0.3 Long Blades
 + Level 0.3 Axes
 + Level 0.3 Maces & Flails
 + Level 0.3 Polearms
 + Level 0.3 Staves
 + Level 0.3 Slings
 + Level 0.3 Bows
 + Level 0.3 Crossbows
 + Level 2.4 Throwing
 + Level 0.3 Armour
 + Level 2.4 Dodging
 + Level 2.2 Stealth
 + Level 2.4 Shields
 + Level 0.3 Unarmed Combat
 + Level 4.9 Spellcasting
 + Level 0.2 Conjurations
 + Level 0.2 Hexes
 + Level 0.2 Charms
 + Level 2.0 Summonings
 + Level 0.2 Necromancy
 + Level 3.7 Translocations
 + Level 0.2 Transmutations
 + Level 0.2 Fire Magic
 + Level 0.2 Ice Magic
 + Level 0.2 Air Magic
 + Level 0.2 Earth Magic
 + Level 0.2 Poison Magic
 + Level 0.4 Invocations
 + Level 0.3 Evocations


You had 10 spell levels left.
You didn't know any spells.
Your spell library contained the following spells:

 Spells                   Type           Power        Failure   Level  Hunger
 Summon Small Mammal      Summ           ##..         14%         1    None
 Call Imp                 Summ           ##......     22%         2    #......
 Sandblast                Erth           #.....       30%         1    None
 Call Canine Familiar     Summ           ##......     38%         3    ###....
 Summon Guardian Golem    Hex/Summ       #.......     52%         3    ###....
 Stone Arrow              Conj/Erth      #.....       65%         3    ###....
 Summon Ice Beast         Ice/Summ       #.......     90%         4    ####...
 Summon Lightning Spire   Summ/Air       #.......     90%         4    ####...


Dungeon Overview and Level Annotations

Branches:
Dungeon (1/15)

Altars:


Innate Abilities, Weirdness & Mutations

Your experience applies equally to all skills.
You have very sharp teeth.
Your uncanny sense of smell can sniff out nearby items.
Your mind is acute. (Int +2)
You evolve.


Message History

The rat bites you. The hobgoblin barely misses you. The rat bites you.
You closely miss the hobgoblin. The hobgoblin hits you with a club.
The rat barely misses you.
You clumsily bash the hobgoblin but do no damage.
The rat barely misses you. The hobgoblin hits you with a club.
* * * LOW HITPOINT WARNING * * *
The rat twitches its whiskers.
The rat misses you. The hobgoblin closely misses you.
It was a potion of mutation.
You feel extremely strange.
You feel clever.
You feel nature experimenting on you.
Don't worry, failures die fast.
The rat bites you but does no damage. The hobgoblin closely misses you.
You clumsily bash the rat but do no damage.
Your bite misses the rat. The rat bites you.
* * * LOW HITPOINT WARNING * * *
The rat misses you.
You completely miss the hobgoblin. The rat bites you but does no damage.
The hobgoblin closely misses you. The rat bites you but does no damage.
You completely miss the rat. The hobgoblin hits you with a club.
You die...

.....##..
....###..# #.#
#.#....#
#.##..#..## #.#
...#..... ∆#
#...>.# #.#
...#.....
###..####.# ....
.... #.......#
$...#.....
##†###### ...
#.......#
..#.#######.#####.#
...(...g@##.#
#...(..#r...#
.#.#(().##)#
......####..# #.#.#
##.......# ..
##.#....$ #. .#
#### .# +#


You could see a hobgoblin and a rat.

Vanquished Creatures
  A dart slug (D:1)
  A giant cockroach (D:1)
  2 hobgoblins (D:1)
  3 bats (D:1)
  2 kobolds (D:1)
9 creatures vanquished.

Notes
Turn   | Place    | Note
-------+----------+-------------------------------------------
     0 | D:1      | Tr0llz0r the Gnoll Wanderer began the quest for the Orb.
     0 | D:1      | Tr0llz0r set off with: 9 poisoned needles, a +0 blowgun, a
                  | +0 robe, a ration
     0 | D:1      | Reached XP level 1. HP: 17/17 MP: 6/6
    89 | D:1      | Upgraded the game from 0.22.1-1-ga44c0e5 to
                  | 0.22.1-2-g9c5b331
   258 | D:1      | Reached XP level 2. HP: 23/23 MP: 7/7
   363 | D:1      | Gained mutation: Your mind is acute. (Int +2) [potion of
                  | mutation]
   363 | D:1      | Gained mutation: You evolve. [potion of mutation]
   365 | D:1      | HP: 1/23 [rat (2)]
   369 | D:1      | Slain by a hobgoblin

Skill      XL: |  1 |
---------------+----+-----
Summonings     | 2 |  2.0
Fighting       | |  2.4
Short Blades   | |  0.3
Long Blades    | |  0.3
Axes           | |  0.3
Maces & Flails | |  0.3
Polearms       | |  0.3
Staves         | |  0.3
Slings         | |  0.3
Bows           | |  0.3
Crossbows      | |  0.3
Throwing       | |  2.4
Armour         | |  0.3
Dodging        | |  2.4
Stealth        | |  2.2
Shields        | |  2.4
Unarmed Combat | |  0.3
Spellcasting   | |  4.9
Conjurations   | |  0.2
Hexes          | |  0.2
Charms         | |  0.2
Necromancy     | |  0.2
Translocations | |  3.7
Transmutations | |  0.2
Fire Magic     | |  0.2
Ice Magic      | |  0.2
Air Magic      | |  0.2
Earth Magic    | |  0.2
Poison Magic   | |  0.2
Invocations    | |  0.4
Evocations     | |  0.3

Action                   || total
-------------------------++-------
Melee: Blowgun           ||    32
       Bite              ||     2
 Fire: Blowgun           ||    49
  Use: Potion            ||     3
       Scroll            ||     2
 Stab: Sleeping          ||     1
Armor: Robe              ||    15
       Ring mail         ||    18
Dodge: Dodged            ||    85
